 Dungeon Crawl Stone Soup version 0.19-a0-1834-g6b7851e (webtiles) character file.

355 hurricos the Archer (level 6, -1/39 HPs)
             Began as a High Elf Hunter on Oct 9, 2016.
             Was an Initiate of Yredelemnul.
             Slain by a hippogriff (7 damage)
             ... on level 6 of the Dungeon.
             The game lasted 00:05:44 (3600 turns).

hurricos the Archer (High Elf Hunter)               Turns: 3600, Time: 00:05:45

Health: -1/39      AC:  6    Str: 12    XL:     6   Next: 36%
Magic:  7/7        EV: 13    Int: 14    God:    Yredelemnul [......]
Gold:   135        SH:  0    Dex: 18    Spells: 0 memorised, 5 levels left

rFire  . . .     SeeInvis .     a - +2 shortbow
rCold  . . .     Gourm    .     u - +2 robe {rN+}
rNeg   + . .     Faith    .     (shield currently unavailable)
rPois  .         Spirit   .     t - +0 helmet
rElec  .         Dismiss  .     d - +0 cloak
rCorr  +         Reflect  .     (no gloves)
MR     .....     Harm     .     (no boots)
Stlth  +.........               (no amulet)
                                v - ring of loudness (curse)
                                r - ring of resist corrosion

@: no status effects
A: no striking features
a: Renounce Religion


You were on level 6 of the Dungeon.
You worshipped Yredelemnul.
Yredelemnul was noncommittal.
You were not hungry.

You visited 1 branch of the dungeon, and saw 4 of its levels.

You collected 135 gold pieces.

Inventory:

Hand Weapons
 a - a +2 shortbow (weapon)
 b - a +0 short sword
Missiles
 h - an arrow (quivered)
Armour
 c - a +0 leather armour
 d - a +0 cloak (worn)
 t - a +0 helmet (worn)
 u - a +2 robe of positive energy (worn)
Jewellery
 r - a ring of resist corrosion (left hand)
 v - a cursed ring of loudness (right hand)
Scrolls
 e - a scroll of enchant weapon
 j - a scroll of identify
 p - 5 scrolls of remove curse
Books
 n - a book of Misfortune

   Spells                             Type                      Level
   a - Confusing Touch                Hexes                        1
   b - Confuse                        Hexes                        3
   c - Gell's Gravitas                Hexes/Translocation          3
   d - Petrify                        Transmutation/Earth          4
   e - Metabolic Englaciation         Hexes/Ice                    5
   f - Yara's Violent Unravelling     Hexes/Transmutation          5
Comestibles
 f - a bread ration


   Skills:
 - Level 2.0 Fighting
 + Level 10.1 Bows
 - Level 2.1 Dodging
 - Level 1.1 Stealth


You had 5 spell levels left.
You didn't know any spells.

Dungeon Overview and Level Annotations

Branches:
Dungeon (6/15)
 Temple: D:4-7

Altars:
Dithmenos
Elyvilon
Hepliaklqana
Makhleb
Nemelex Xobeh
Vehumet
Yredelemnul


Message History

You hit the gnoll zombie.
The gnoll zombie is almost destroyed.
a - a +2 shortbow (weapon)
Really attack while wielding your +2 shortbow? [Y]es or [N]o only, please.
Really attack while wielding your +2 shortbow?
Okay, then.
Firing (i - inventory):
h - 3 arrows (quivered)
Press: ? - help, Shift-Dir - straight line, f - hippogriff
Aim: a hippogriff You shoot an arrow.
The arrow hits the hippogriff!
The hippogriff is moderately wounded.
The hippogriff barely misses you. x2; The hippogriff completely misses you.
Firing (i - inventory):
h - 2 arrows (quivered)
Press: ? - help, Shift-Dir - straight line, f/p - hippogriff
Aim: a hippogriff (moderately wounded)
You shoot an arrow. The arrow barely misses the hippogriff.
The hippogriff bites you!
You die...
Your body rises from the dead as a mindless zombie.

.........# #.....#....#.....#
.#....(#.# #.....####.#..H..#
..(....(.# #.....# #..###+##
.#.⌠.⌠.#.# #.....# ##.# #.#
(........# #.....# #.###'##
.#...$.#.# #.Z.o.# #......#
...._....# ###Z### ##.....#
.#...(.#.# #H# #.....#
.........# #@# #....##
.#.⌠.⌠(#.#### ### #....#
.......(....# #....###
.#.....#.##.# #......#
............##############.....#
.....#........(.......).....>..#
....##.....#####################
.... #.....# .... #.....#


You could see a hippogriff, an orc and 2 gnoll zombies.

Vanquished Creatures
  A centaur (D:6)
  A hound (D:3)
  Jessica (D:2)
  Terence (D:3)
  Robin (D:2)
  3 gnolls (D:3)
  2 adders (D:3)
  5 worms
  A dart slug (D:1)
  A leopard gecko (D:2)
  11 orcs
  8 bats
  7 giant cockroaches
  18 goblins
  12 hobgoblins
  5 jackals
  7 kobolds
  A quokka (D:3)
  4 ball pythons
  3 frilled lizards
  7 rats
100 creatures vanquished.

Notes
Turn   | Place    | Note
-------+----------+-------------------------------------------
     0 | D:1      | hurricos the High Elf Hunter began the quest for the Orb.
     0 | D:1      | Reached XP level 1. HP: 14/14 MP: 2/2
   216 | D:1      | Reached XP level 2. HP: 19/19 MP: 3/3
   255 | D:1      | Reached skill level 6 in Bows
   538 | D:1      | Reached XP level 3. HP: 21/24 MP: 4/4
  1073 | D:2      | Reached skill level 7 in Bows
  1122 | D:2      | Found a sparkling altar of Nemelex Xobeh.
  1122 | D:2      | Noticed Jessica
  1136 | D:2      | Killed Jessica
  1136 | D:2      | Reached XP level 4. HP: 28/29 MP: 5/5
  1490 | D:2      | Noticed Robin
  1882 | D:2      | Killed Robin
  1882 | D:2      | Reached skill level 8 in Bows
  2255 | D:3      | Found a sparkling altar of Nemelex Xobeh.
  2298 | D:3      | Reached XP level 5. HP: 31/34 MP: 6/6
  2430 | D:3      | Found a shadowy altar of Dithmenos.
  2740 | D:3      | Reached skill level 9 in Bows
  2867 | D:3      | Noticed Terence
  2920 | D:3      | Killed Terence
  3130 | D:3      | Found a burning altar of Makhleb.
  3226 | D:3      | Reached XP level 6. HP: 39/39 MP: 7/7
  3296 | D:3      | You fall through a shaft for 3 floors!
  3296 | D:6      | Found a hazy altar of Hepliaklqana.
  3311 | D:6      | Found a radiant altar of Vehumet.
  3378 | D:6      | Found a white marble altar of Elyvilon.
  3391 | D:6      | Noticed a hippogriff
  3422 | D:6      | Reached skill level 10 in Bows
  3577 | D:6      | Found a basalt altar of Yredelemnul.
  3585 | D:6      | Became a worshipper of Yredelemnul the Dark
  3600 | D:6      | Slain by a hippogriff

Vault maps used:
D:1:      minmay_arrival_split_and_join
D:2:      kennysheep_goblin_castle, first_bread, nemelex_lonely_heart_becter,
          uniq_jessica
D:3:      marbit_many_paths, old_standard_altar, grunt_dithmenos_smoke,
          uniq_terence, uniq_robin
D:6:      lemuel_zombie_altar_yredelemnul, elyvilon_altar_5,
          amethyst_overflow_temple_binary, uniq_blork_the_orc

Skill      XL: |  1  2  3  4  5  6 |
---------------+-------------------+-----
Bows           | 6 7 8 9 10 | 10.1
Fighting       | |  2.0
Dodging        | |  2.1
Stealth        | |  1.1

Action                   |  1- 3 |  4- 6 || total
-------------------------+-------+-------++-------
Melee: Short sword       |     3 |   222 ||   225
       Unarmed           |       |    14 ||    14
 Fire: Shortbow          |   100 |    77 ||   177
  Use: Potion            |     1 |     7 ||     8
       Scroll            |       |    10 ||    10
  Eat: Bread ration      |       |     2 ||     2
       Chunk             |       |     3 ||     3
Armor: Leather armour    |     6 |       ||     6
       Robe              |       |   115 ||   115
       Skin              |       |    36 ||    36
Dodge: Dodged            |    19 |   222 ||   241
